 Dungeon Crawl Stone Soup version 0.31-a0-208-gdb31a4691d (webtiles) character file.

Game seed: 9680908848519521645

2239 innerfire43 the Shooter (level 9, -4/65 HPs)
             Began as a Demonspawn Monk on June 28, 2023.
             Was a High Priest of Makhleb.
             Succumbed to a killer bee's poison
             ... on level 8 of the Dungeon.
             The game lasted 00:07:57 (5698 turns).

innerfire43 the Shooter (Demonspawn Monk)           Turns: 5698, Time: 00:07:57

Health: -4/65      AC:  9    Str: 15    XL:     9   Next: 14%
Magic:  18/18      EV: 14    Int: 12    God:    Makhleb [*****.]
Gold:   381        SH:  0    Dex: 16    Spells: 8/8 levels left

rFire   . . .        b - +9 arbalest "Dragon's Tongue" {flame, MP+9}
rCold   . . .        (shield currently unavailable)
rNeg    . . .        y - +0 robe
rPois   .            (helmet restricted)
rElec   .            J - +0 cloak
rCorr   +            (no gloves)
SInv    .            (no boots)
Will    .....        e - amulet of regeneration
Stlth   +            g - +4 ring of slaying
HPRegen 1.10/turn    k - ring of resist corrosion
MPRegen 0.16/turn

%: no passive effects
@: lethally poisoned (-4 -> -23), marked, sanguine armoured
A: horns 1, demonic guardian 1, powered by pain 1, sanguine armour 1
a: Renounce Religion, Minor Destruction, Lesser Servant of Makhleb, Major
Destruction, Greater Servant of Makhleb


You were on level 8 of the Dungeon.
You worshipped Makhleb.
Makhleb was extremely pleased with you.
You visited 1 branch of the dungeon, and saw 8 of its levels.

You collected 381 gold pieces.

Inventory:

Hand Weapons
 a - the +5 flail "Hydrabane" {heavy, rF+ Dex+2 Stlth+}
   (You took it off a hobgoblin on level 4 of the Dungeon)

   Dex:       It affects your dexterity (+2).
   rF:        It protects you from fire.
   Stlth:     It makes you more stealthy.
 b - the +9 arbalest "Dragon's Tongue" (weapon) {flame, MP+9}
   (You found it on level 5 of the Dungeon)

   MP:        It affects your magic capacity (+9).
 l - a +2 heavy dagger
 w - a +0 hand axe
 x - a +3 heavy spear
 G - a +4 dire flail of draining
Missiles
 t - a throwing net
Armour
 d - an orb of light
 i - a +0 helmet
 u - a +0 kite shield
 y - a +0 robe (worn)
 J - a +0 cloak (worn)
Jewellery
 e - an amulet of regeneration (around neck)
 g - a +4 ring of slaying (left hand)
 k - a ring of resist corrosion (right hand)
 o - an amulet of magic regeneration
 C - a +4 ring of slaying
 H - a ring of ice
Wands
 j - a wand of polymorph (5)
 r - a wand of mindburst (16)
 s - a wand of quicksilver (7)
 E - a wand of roots (9)
Scrolls
 f - 2 scrolls of teleportation
 m - 2 scrolls of fear
 B - a scroll of revelation
 D - a scroll of blinking
 F - a scroll of brand weapon
Potions
 c - a potion of might
 h - a potion of degeneration
 n - a potion of heal wounds
 p - 2 potions of mutation
 q - a potion of curing
 v - a potion of haste
 z - 2 potions of magic {unknown}
 A - a potion of brilliance {unknown}
 I - a potion of lignification {unknown}


   Skills:
 * Level 4.0 Fighting
 - Level 5.7 Short Blades
 - Level 2.9(4.2) Axes
 - Level 4.6(5.0) Maces & Flails
 * Level 6.0 Ranged Weapons
 + Level 5.2 Dodging


You had 8 spell levels left.
You didn't know any spells.
Your spell library contained the following spells:

 Spells                   Type           Power      Damage    Failure   Level
 Magic Dart               Conj           0%         1d3       32%         1
 Searing Ray              Conj           0%         2d4       45%         2
 Frozen Ramparts          Ice            0%         1d1       69%         3
 Gell's Gravitas          Tloc           0%         N/A       69%         3
 Ozocubu's Armour         Ice            0%         N/A       69%         3
 Teleport Other           Tloc           0%         N/A       69%         3
 Fulminant Prism          Conj/Hex       0%         3d5       97%         4
 Ice Form                 Ice/Tmut       0%         N/A       97%         4
 Summon Ice Beast         Ice/Summ       0%         N/A       97%         4
 Dispersal                Tloc           0%         N/A       100%        6
 Ozocubu's Refrigeration  Ice            0%         4d7       100%        7


Dungeon Overview and Level Annotations

Branches:
Dungeon (8/15)             Temple (0/1) D:5
   Lair: D:8-11

Altars:
Kikubaaqudgha
Makhleb
Wu Jian


Innate Abilities, Weirdness & Mutations

You have a pair of small horns on your head.
A weak demonic guardian rushes to your aid.
You sometimes gain a little power by taking damage.
When seriously injured, your blood forms armour. (AC +6)


Message History

You shoot a bolt. The bolt closely misses the killer bee.
The killer bee stings you. The killer bee completely misses you.
The killer bee barely misses you. The killer bee stings you!
The killer bee stings you. x2
You are poisoned.
The killer bee poisons you! The killer bee stings you.
Your blood congeals into armour.
You are more poisoned.
The killer bee poisons you!
You shoot a bolt.
The bolt completely misses the killer bee.
You feel very sick. The killer bee stings you.
You are more poisoned.
The killer bee poisons you!
The killer bee stings you but does no damage.
The killer bee closely misses you.
The killer bee stings you but does no damage.
The killer bee closely misses you. x2; The killer bee misses you.
The killer bee stings you.
You are more poisoned.
The killer bee poisons you! The killer bee barely misses you.
The killer bee stings you.
You are more poisoned.
The killer bee poisons you! The killer bee stings you.
The killer bee stings you but does no damage.
The killer bee barely misses you. The killer bee stings you.
* * * LOW HITPOINT WARNING * * *
The killer bee stings you.
* * * LOW HITPOINT WARNING * * *
The killer bee stings you.
* * * LOW HITPOINT WARNING * * *
A demonic guardian appears!
The killer bee stings you!
* * * LOW HITPOINT WARNING * * *
The killer bee stings you but does no damage.
The killer bee barely misses you. The killer bee closely misses you.
The killer bee stings you but does no damage.
The killer bee closely misses you.
The killer bee stings you but does no damage.
You die...

#.....
#.....
#....#
###....#
#......#
#......+
#...yyy#
#..yy@y#
#..5yy##
#.....#
.........
..$.....[
.......(..
##########


You could see 8 killer bees and a friendly ufetubus (summoned).

Vanquished Creatures
  Eustachio (D:5)
  Edmund (D:6)
  2 water moccasins
  3 ice beasts
  A centaur (D:7)
  2 kobold brigands (D:6)
  A phantom (D:3)
  A bullfrog (D:6)
  2 scorpions (D:7)
  3 killer bees (D:8)
  A hound (D:7)
  3 orc priests
  A gnoll bouda (D:7)
  8 orc wizards
  2 iguanas
  A sleepcap (D:7)
  13 gnolls
  8 adders
  A worm (D:2)
  4 dart slugs
  24 orcs
  8 ball pythons
  9 endoplasms
  4 giant cockroaches
  8 goblins
  14 hobgoblins
  8 jackals
  6 quokkas
  11 bats
  4 frilled lizards
  11 kobolds
  4 rats
170 creatures vanquished.

Vanquished Creatures (collateral kills)
  An ogre (D:5)
  A gnoll (D:4)
  An orc (D:4)
  A hobgoblin (D:4)
4 creatures vanquished.

Grand Total: 174 creatures vanquished

Notes
Turn   | Place    | Note
-------+----------+-------------------------------------------
     0 | D:1      | innerfire43 the Demonspawn Monk began the quest for the
                  | Orb.
     0 | D:1      | Reached XP level 1. HP: 18/18 MP: 1/1
   133 | D:1      | Gained mutation: You sometimes gain a little power by
                  | taking damage. [demonic ancestry]
   133 | D:1      | Reached XP level 2. HP: 24/24 MP: 2/2
   449 | D:1      | Reached skill level 1 in Short Blades
   560 | D:1      | Gained mutation: A weak demonic guardian rushes to your
                  | aid. [demonic ancestry]
   560 | D:1      | Reached XP level 3. HP: 29/29 MP: 3/3
   981 | D:2      | Found a faded altar of an unknown god.
  1082 | D:2      | Prayed at the altar of an unknown god.
  1082 | D:2      | Became a worshipper of Makhleb the Destroyer
  1082 | D:2      | Reached * piety under Makhleb
  1082 | D:2      | Reached ** piety under Makhleb
  1205 | D:2      | Reached *** piety under Makhleb
  1321 | D:2      | Gained mutation: When seriously injured, your blood forms
                  | armour. (AC +6) [demonic ancestry]
  1321 | D:2      | Reached XP level 4. HP: 33/35 MP: 4/4
  1914 | D:3      | Noticed a phantom
  1922 | D:3      | Reached XP level 5. HP: 39/41 MP: 5/5
  1924 | D:3      | Killed a phantom
  2025 | D:3      | You fall into a shaft and drop 1 floor!
  2195 | D:3      | Reached XP level 6. HP: 47/47 MP: 6/6
  2302 | D:3      | Reached skill level 5 in Short Blades
  2647 | D:3      | Reached **** piety under Makhleb
  3049 | D:4      | Identified the +5 flail "Hydrabane" {heavy, rF+ Dex+2
                  | Stlth+}
  3102 | D:4      | Reached skill level 1 in Maces & Flails
  3604 | D:5      | Entered Level 5 of the Dungeon
  3610 | D:5      | Gained mutation: You have a pair of small horns on your
                  | head. [demonic ancestry]
  3610 | D:5      | Reached XP level 7. HP: 51/52 MP: 7/7
  3616 | D:5      | Noticed Eustachio
  3623 | D:5      | Killed Eustachio
  3650 | D:5      | Found an ancient bone altar of Kikubaaqudgha.
  3650 | D:5      | Found an ornate altar of the Wu Jian Council.
  3745 | D:5      | Found a staircase to the Ecumenical Temple.
  3878 | D:5      | Identified the +9 arbalest "Dragon's Tongue" {flame, MP+9}
  4058 | D:5      | Reached skill level 1 in Ranged Weapons
  4445 | D:6      | Reached skill level 2 in Ranged Weapons
  4445 | D:6      | Reached XP level 8. HP: 55/58 MP: 8/8
  4626 | D:6      | Reached skill level 3 in Ranged Weapons
  4669 | D:6      | Noticed Edmund
  4671 | D:6      | Killed Edmund
  5062 | D:7      | Reached skill level 4 in Ranged Weapons
  5308 | D:7      | Reached skill level 5 in Ranged Weapons
  5430 | D:7      | Reached ***** piety under Makhleb
  5445 | D:7      | Reached skill level 5 in Dodging
  5549 | D:7      | Reached XP level 9. HP: 64/64 MP: 9/9
  5696 | D:8      | Reached skill level 6 in Ranged Weapons
  5697 | D:8      | HP: 1/65 [killer bee (8)]
  5698 | D:8      | Succumbed to a killer bee's poison

Illustrated notes

Levels and vault maps discovered:
D:1:      eino_arrival_water_star, layout_basic, dreamdust_princess_corridor
D:2:      minmay_skewed_foursquare, layout_loops_corners,
          chequers_ecumenical_altar_grove
D:3:      layout_basic
D:4:      layout_basic
D:5:      layout_loops_ring, gammafunk_temple_overflow_elements,
          minmay_temple_entry_junction_2, minmay_misc_feat_pillars,
          uniq_eustachio
D:6:      layout_loops_ring, uniq_edmund
D:7:      layout_basic
D:8:      layout_gridville, mainiacjoe_overflow_concentric_impassable,
          uniq_prince_ribbit1

Skill      XL: |  1  2  3  4  5  6  7  8  9 |
---------------+----------------------------+-----
Dodging        | 3 5 |  5.2
Short Blades   | 1 2 3 4 5 |  5.7
Maces & Flails | 2 4 |  4.6
Ranged Weapons | 2 5 6 |  6.0
Fighting       | 4 |  4.0
Axes           | |  2.9

Action                     |  1- 3 |  4- 6 |  7- 9 || total
---------------------------+-------+-------+-------++-------
  Melee: Hand axe          |    25 |       |       ||    25
         Dagger            |    67 |   119 |       ||   186
         Flail             |       |    19 |    11 ||    30
         Headbutt          |       |       |     4 ||     4
   Fire: Arbalest          |       |       |    94 ||    94
    Use: Scroll            |       |     7 |     7 ||    14
         Potion            |       |     1 |       ||     1
   Stab: Distracted        |     1 |       |       ||     1
         Sleeping          |       |     1 |       ||     1
 Armour: Robe              |    16 |    18 |    12 ||    46
  Dodge: Dodged            |    61 |    78 |    29 ||   168

Table legend: (Time is in decaauts)
 A = Elapsed time spent in this place.
 B = Non-inter-level travel time spent in this place.
 C = Inter-level travel time spent in this place.
 D = Time resting spent in this place.
 E = Time spent auto-exploring this place.
 F = Levels seen in this place.
 G = Mean time per level.
                   A        B        C        D        E       F      G
               +--------+--------+--------+--------+--------+-----+--------+
         Total |   5773 |   5374 |    399 |      0 |   4425 |   8 |  721.6 |
       Dungeon |   5773 |   5374 |    399 |      0 |   4425 |   8 |  721.6 |
               +--------+--------+--------+--------+--------+-----+--------+

Top non-repeatable levels by time:
     D:2: 1006 daAuts
     D:4: 938 daAuts
     D:3: 831 daAuts
     D:1: 827 daAuts
     D:6: 782 daAuts
     D:7: 699 daAuts
     D:5: 678 daAuts
     D:8: 8 daAuts
